 Dungeon Crawl Stone Soup version 0.31-a0-369-g8eba5f6939 (webtiles) character file.

Game seed: 6693652024939738368

1365 CraigForest the Cutter (level 8, -5/48 HPs)
             Began as a Tengu Brigand on July 28, 2023.
             Was a Believer of Makhleb.
             Slain by an orc warrior
             ... wielding a +0 dire flail
              (10 damage)
             ... on level 6 of the Dungeon.
             The game lasted 00:36:10 (4746 turns).

CraigForest the Cutter (Tengu Brigand)              Turns: 4746, Time: 00:36:11

Health: -5/48      AC: 23    Str: 15    XL:     8   Next: 65%
Magic:  9/9        EV:  7    Int: 12    God:    Makhleb [**....]
Gold:   342        SH:  0    Dex: 23    Spells: 6/7 levels left

rFire   + . .        D - +0 long sword
rCold   . . .        (no shield)
rNeg    . . .        E - +9 plate armour "Comy" {Str+3}
rPois   .            (helmet restricted)
rElec   .            c - +0 cloak
rCorr   .            B - +0 pair of gloves
SInv    +            (boots unavailable)
Will    .....        (no amulet) Stlth
                     o - +6 ring of dexterity
HPRegen 0.28/turn    w - ring of see invisible
MPRegen 0.11/turn

%: no passive effects
@: flying quickly and evasively, unable to drink, quick
A: beak, talons 3, nimble flight, fire resistance 1, subdued magic 1, inability
to drink after injury 1
a: Renounce Religion, Minor Destruction


You were on level 6 of the Dungeon.
You worshipped Makhleb.
Makhleb was pleased with you.
You visited 2 branches of the dungeon, and saw 7 of its levels.
You also visited: Ossuary.

You collected 342 gold pieces.

Inventory:

Hand Weapons
 a - a +2 dagger
 h - a +0 halberd
 r - a +1 dagger of venom
 D - a +0 long sword (weapon)
Missiles
 d - 7 poisoned darts
 e - 3 curare-tipped darts
 l - 5 boomerangs
 v - 7 javelins (quivered)
 M - a throwing net
Armour
 b - a +0 robe
 c - a +0 cloak (worn)
 j - a +0 leather armour
 m - a +0 ring mail
 u - a +0 scale mail
 B - a +0 pair of gloves (worn)
 E - the +9 plate armour "Comy" (worn) {Str+3}
   (You found it on level 5 of the Dungeon)

   Str:       It affects your strength (+3).
 G - a +2 robe of willpower
Jewellery
 o - a +6 ring of dexterity (left hand)
 w - a ring of see invisible (right hand)
Wands
 f - a wand of flame (37)
 y - a wand of paralysis (6)
 F - a wand of iceblast (9)
 N - a wand of mindburst (9)
Scrolls
 n - 3 scrolls of immolation
 q - 2 scrolls of blinking
 t - a scroll of revelation
 x - a scroll of amnesia
 I - a scroll of enchant armour {unknown}
 K - 2 scrolls of teleportation
Potions
 g - 2 potions of cancellation
 i - a potion of lignification
 k - 3 potions of haste
 p - 5 potions of curing
 s - a potion of resistance
 z - 2 potions of heal wounds
 A - a potion of might
 C - a potion of brilliance
 H - a potion of invisibility
 J - 2 potions of attraction
 L - a potion of magic


   Skills:
 - Level 4.0 Fighting
 - Level 6.9(7.4) Short Blades
 + Level 3.8(5.9) Long Blades
 + Level 3.5 Throwing
 + Level 5.0 Armour
 + Level 3.5 Dodging
 - Level 4.0 Stealth


You had 6 spell levels left.
You knew the following spells:

 Your Spells              Type           Power      Damage    Failure   Level
a - Summon Small Mammal   Summ           0%         N/A       100%        1

Your spell library contained the following spells:

 Spells                   Type           Power      Damage    Failure   Level
 Blink                    Tloc           0%         N/A       100%        2
 Lesser Beckoning         Tloc           0%         N/A       100%        2
 Momentum Strike          Conj/Tloc      0%         3d8       100%        2
 Sublimation of Blood     Necr           0%         N/A       100%        2
 Ignite Poison            Fire/Tmut/Pois 0%         N/A       100%        3
 Petrify                  Tmut/Erth      0%         N/A       100%        4
 Sticky Flame             Conj/Fire      0%         2d3       100%        4
 Irradiate                Conj/Tmut      0%         3d11      100%        5
 Summon Mana Viper        Hex/Summ       0%         N/A       100%        5
 Summon Cactus Giant      Summ           0%         N/A       100%        6
 Spellforged Servitor     Conj/Summ      0%         N/A       100%        7
 Ignition                 Fire           0%         3d3       100%        8


Dungeon Overview and Level Annotations

Branches:
Dungeon (6/15)             Temple (1/1) D:5         Ossuary (visited)

Altars:
Ashenzari
Cheibriados
Dithmenos
Elyvilon
Fedhas
Gozag
Hepliaklqana
Kikubaaqudgha
Makhleb
Okawaru
Qazlal
Sif Muna
Trog
Uskayaw
Vehumet
Wu Jian
Xom
Yredelemnul
Zin
The Shining One

Shops:
D:5 [


Innate Abilities, Weirdness & Mutations

You have a beak for a mouth.
You have claws for feet.
Your magical nature lets you fly swiftly and evasively.
Your flesh is heat resistant. (rF+)
Your spells are a little easier to cast, but a little less powerful.
You occasionally lose the ability to drink potions when taking damage.


Message History

Throw: 8 javelins
Press: ? - help, Q - select action, (/) - cycle Shift-Dir - straight line, f - orc, p - orc warrior
Aim: an orc, wielding a +0 flail (64% to hit)
You throw a javelin. The javelin pierces through the ogre.
You kill the ogre!
Makhleb accepts your kill.
You feel better.
The javelin pierces through the orc warrior.
The orc warrior is moderately wounded.
The javelin closely misses the orc.
Your Armour skill increases to level 5!
You slash the orc warrior! You claw the orc warrior.
The orc warrior is heavily wounded.
The orc warrior barely misses you.
You hit the orc warrior but do no damage.
You claw the orc warrior.
The orc warrior is severely wounded.
The orc warrior hits you with a +0 dire flail.
You hit the orc warrior but do no damage.
The orc warrior is severely wounded.
The orc warrior completely misses you.
The orc warrior hits you with a +0 dire flail!
You feel threatened and lose the ability to drink potions!
* * * LOW HITPOINT WARNING * * *
You hit the orc warrior but do no damage.
The orc warrior is severely wounded.
The orc warrior hits you but does no damage.
You hit the orc warrior but do no damage.
The orc warrior is severely wounded.
The orc warrior hits you but does no damage.
You hit the orc warrior. You peck the orc warrior.
The orc warrior is almost dead.
The orc warrior hits you with a +0 dire flail.
* * * LOW HITPOINT WARNING * * *
You closely miss the orc warrior.
You claw the orc warrior, but do no damage.
You peck the orc warrior, but do no damage.
The orc warrior is almost dead.
The orc warrior hits you with a +0 dire flail!
You die...

.......#.######...#.#
######.#..........#o##.###
.o.>......(.......).)...(#
###..#.#..........#.##.#.#
#....#.......##.#.#
##...#.########.#.# #.....#
#.#.# #.#...########.#.#..#
#.#........oo@........
......#.##(#######.#....
###[###.##.# #.# ##
...#.o.#..# #.# .....
######.###.##. #.#######.....
...........##.# #.......+.....
#######.#####.#+###......##...
#.##..#............#...
#รท##..#...........##.##


You could see an orc warrior and an orc.

Vanquished Creatures
  A water moccasin (D:5)
  A sky beast (D:6)
  An ice beast (D:6)
  2 ogres
  Blork the orc (D:5)
  A bullfrog (D:6)
  A gnoll sergeant (D:6)
  A howler monkey (D:6)
  A centaur zombie (Ossuary)
  A human zombie (Ossuary)
  2 jellies
  2 sleepcaps
  4 hounds
  2 iguanas (D:5)
  2 orc wizards (D:3)
  3 mummies (Ossuary)
  Robin (D:3)
  6 gnolls
  6 adders
  2 ufetubi
  A worm (D:3)
  3 dart slugs
  21 orcs
  4 bats
  7 endoplasms
  A giant cockroach (D:1)
  A gnoll zombie (Ossuary)
  12 goblins
  11 hobgoblins
  4 kobolds
  2 quokkas (D:2)
  5 ball pythons
  3 frilled lizards
  2 hobgoblin zombies (Ossuary)
  A kobold zombie (Ossuary)
  2 orc zombies (Ossuary)
  4 rats
125 creatures vanquished.

Notes
Turn   | Place    | Note
-------+----------+-------------------------------------------
     0 | D:1      | CraigForest the Tengu Brigand began the quest for the Orb.
     0 | D:1      | Reached XP level 1. HP: 12/12 MP: 2/2
    35 | D:1      | Got Athicoq's Grimoire of the Retinue
   176 | D:1      | Reached XP level 2. HP: 18/18 MP: 3/3
   183 | D:1      | Found a faded altar of an unknown god.
   474 | D:1      | Reached skill level 3 in Short Blades
   641 | D:2      | Reached XP level 3. HP: 22/22 MP: 4/4
  1082 | D:2      | Found a burning altar of Makhleb.
  1099 | D:2      | Became a worshipper of Makhleb the Destroyer
  1281 | D:2      | Reached skill level 4 in Short Blades
  1281 | D:2      | Reached XP level 4. HP: 13/27 MP: 5/5
  1581 | D:3      | Noticed Robin
  1603 | D:3      | Killed Robin
  1842 | D:3      | Gained mutation: Your magical nature lets you fly swiftly
                  | and evasively. [Tengu growth]
  1842 | D:3      | Reached XP level 5. HP: 29/32 MP: 6/6
  1847 | D:3      | Reached skill level 1 in Armour
  1848 | D:3      | Reached * piety under Makhleb
  2063 | D:3      | Found an iron altar of Okawaru.
  2068 | D:3      | Found a stormy altar of Qazlal.
  2073 | D:3      | Found a radiant altar of Vehumet.
  2078 | D:3      | Found a glowing silver altar of Zin.
  2140 | D:3      | Learned a level 1 spell: Summon Small Mammal
  2379 | D:4      | Reached skill level 5 in Short Blades
  2713 | D:4      | Reached XP level 6. HP: 37/37 MP: 7/7
  3041 | D:4      | Found a hazy altar of Hepliaklqana.
  3131 | D:5      | Entered Level 5 of the Dungeon
  3139 | D:5      | Found a broken altar of Ashenzari.
  3208 | D:5      | Found Qogh's Antique Armour Boutique.
  3271 | D:5      | Noticed a water moccasin
  3279 | D:5      | Killed a water moccasin
  3409 | D:5      | Identified the +9 plate armour "Comy" {Str+3}
  3522 | D:5      | Reached XP level 7. HP: 38/41 MP: 8/8
  3554 | D:5      | Found a sand-covered staircase.
  3563 | Ossuary  | Entered an ossuary
  3618 | Ossuary  | Reached skill level 6 in Short Blades
  3641 | Ossuary  | Gained mutation: You occasionally lose the ability to drink
                  | potions when taking damage. [potion of mutation]
  3641 | Ossuary  | Gained mutation: Your spells are a little easier to cast,
                  | but a little less powerful. [potion of mutation]
  3641 | Ossuary  | Gained mutation: Your flesh is heat resistant. (rF+)
                  | [potion of mutation]
  3659 | Ossuary  | Reached ** piety under Makhleb
  3837 | D:5      | Noticed Blork the orc
  3853 | D:5      | Killed Blork the orc
  4042 | D:5      | Found a staircase to the Ecumenical Temple.
  4061 | Temple   | Entered the Ecumenical Temple
  4134 | D:6      | Reached XP level 8. HP: 48/48 MP: 9/9
  4236 | D:6      | Reached skill level 1 in Long Blades
  4739 | D:6      | Reached skill level 5 in Armour
  4746 | D:6      | Slain by an orc warrior

Illustrated notes

Levels and vault maps discovered:
D:1:      ebering_trefoil_3fold, layout_basic, basic_ecumenical_altar
D:2:      layout_basic, basic_altar, kennysheep_generic_room_11
D:3:      layout_loops_ring, grunt_temple_overflow_cloverleaf, uniq_robin
D:4:      layout_loops_ring, nzn_hepliaklqana_mist_gate
D:5:      layout_cave_pods, evilmike_ruin_ashenzari, temple_fountains,
          serial_shops, shop, nicolae_ossuary_entry_ruins, chequers_big_river,
          uniq_blork_the_orc
D:6:      layout_basic, minmay_misc_feat_tower
Temple:   nicolae_temple_two_arcs

Skill      XL: |  1  2  3  4  5  6  7  8 |
---------------+-------------------------+-----
Short Blades   | 3 4 5 6 |  6.9
Fighting       | 3 4 |  4.0
Dodging        | 2 3 |  3.5
Armour         | 1 2 4 5 |  5.0
Throwing       | 3 |  3.5
Long Blades    | 3 |  3.8
Stealth        | |  4.0

Action                     |  1- 3 |  4- 6 |  7- 9 || total
---------------------------+-------+-------+-------++-------
  Melee: Dagger            |    52 |   108 |    67 ||   227
         Kick              |     9 |    40 |    58 ||   107
         Peck              |     5 |    14 |    32 ||    51
         Punch             |       |     2 |     1 ||     3
         Long sword        |       |       |    71 ||    71
  Throw: Dart              |    21 |       |       ||    21
         Javelin           |     6 |    15 |    14 ||    35
         Boomerang         |       |     1 |       ||     1
    Use: Scroll            |     9 |     5 |     7 ||    21
         Potion            |       |     1 |     1 ||     2
   Stab: Sleeping          |     8 |     5 |       ||    13
 Armour: Robe              |     5 |       |       ||     5
         Ring mail         |     3 |    22 |       ||    25
         Plate armour      |       |     7 |    77 ||    84
  Dodge: Dodged            |    22 |    41 |    35 ||    98

Table legend: (Time is in decaauts)
 A = Elapsed time spent in this place.
 B = Non-inter-level travel time spent in this place.
 C = Inter-level travel time spent in this place.
 D = Time resting spent in this place.
 E = Time spent auto-exploring this place.
 F = Levels seen in this place.
 G = Mean time per level.
                   A        B        C        D        E       F      G
               +--------+--------+--------+--------+--------+-----+--------+
         Total |   4482 |   3593 |    889 |      0 |   2570 |   8 |  560.2 |
       Dungeon |   4270 |   3408 |    862 |      0 |   2570 |   6 |  711.7 |
        Temple |     29 |      2 |     27 |      0 |      0 |   1 |   29.0 |
       Ossuary |    181 |    181 |      0 |      0 |      0 |   1 |  181.0 |
               +--------+--------+--------+--------+--------+-----+--------+

Top non-repeatable levels by time:
     D:2: 998 daAuts
     D:3: 744 daAuts
     D:5: 684 daAuts
     D:4: 684 daAuts
     D:6: 591 daAuts
     D:1: 567 daAuts
 Ossuary: 181 daAuts
  Temple: 29 daAuts
